 Dungeon Crawl Stone Soup version 0.23.2-1-ga50397a (webtiles) character file.

Game seed: 2995215902764895048

83679 Fang the Fighter (level 15, -8/101 HPs)
             Began as a Gargoyle Berserker on Apr 24, 2019.
             Was the Champion of Trog.
             Killed by divine providence
             ... invoked by an orc high priest
              (14 damage)
             ... on level 2 of the Orcish Mines.
             The game lasted 00:27:09 (22541 turns).

Fang the Fighter (Gargoyle Berserker)              Turns: 22541, Time: 00:27:10

Health: -8/101     AC: 39    Str: 27    XL:     15   Next: 77%
Magic:  15/15      EV: 13    Int: 13    God:    Trog [******]
Gold:   1676       SH:  6    Dex: 12    Spells: 14/14 levels left

rFire    + . .     SeeInvis +   G - +6 broad axe of Dissatisfaction {freeze, rN+}
rCold    + . .     Gourm    .   (no shield)
rNeg     + + +     Faith    .   K - +8 plate armour of Zuulluwn {+Blink}
rPois    ∞         Spirit   .   (no helmet)
rElec    +         Reflect  +   L - scarf {rC+ rF+}
rCorr    +         Harm     .   o - +0 pair of gloves of Disaster {rN+ Int+4 Dex+2}
MR       +++..                  (no boots)
Stlth    ..........             y - +6 amulet of reflection
HPRegen  1.26/turn              m - ring of see invisible
MPRegen  0.14/turn              t - ring of resist corrosion

@: about to teleport, berserk cooldown, flying, regenerating, slowed, very slow
A: big wings, fangs 1, hooves 1, icy blue scales 1, negative energy resistance
1, electricity resistance, strong 1, unbreathing, petrification resistance, rot
immunity, AC +11
a: Stop Flying, Berserk, Trog's Hand, Brothers in Arms, Renounce Religion, Evoke
Blink


You were on level 2 of the Orcish Mines.
You worshipped Trog.
Trog was exalted by your worship.
You were very hungry.

You visited 4 branches of the dungeon, and saw 24 of its levels.
You also visited: Sewer and Ossuary.

You collected 2258 gold pieces.
You spent 582 gold pieces at shops.

Inventory:

Hand Weapons
 a - a +3 war axe of draining
 s - the +0 broad axe "Hontauf" {venom, Str+4}
   (You found it on level 12 of the Dungeon)

   It poisons the flesh of those it strikes.
   It affects your strength (+4).
 A - a +2 war axe of flaming
 G - the +6 broad axe of Dissatisfaction (weapon) {freeze, rN+}
   (You found it on level 8 of the Dungeon)

   It has been specially enchanted to freeze those struck by it, causing extra
   injury to most foes and up to half again as much damage against particularly
   susceptible opponents.
   It can also slow down cold-blooded creatures.
   It protects you from negative energy.
Armour
 b - a +9 plate armour
 o - the +0 pair of gloves of Disaster (worn) {rN+ Int+4 Dex+2}
   (You found it on level 9 of the Dungeon)

   It affects your intelligence (+4).
   It affects your dexterity (+2).
   It protects you from negative energy.
 K - the +8 plate armour of Zuulluwn (worn) {+Blink}
   (You found it on level 13 of the Dungeon)

   It lets you blink.
 L - a scarf of resistance (worn)
Jewellery
 g - an uncursed ring of protection from magic
 j - a +3 ring of dexterity
 m - a ring of see invisible (left hand)
 t - a ring of resist corrosion (right hand)
 w - an uncursed amulet of rage
 y - a +6 amulet of reflection (around neck)
 D - an uncursed ring of protection from cold
 H - a +1 ring of protection
Wands
 l - a wand of digging (10)
 p - a wand of disintegration (9)
 r - a wand of polymorph (7)
 B - a wand of iceblast (21)
 E - a wand of flame (53)
 F - a wand of random effects (50)
 J - a wand of acid (20)
 N - a wand of paralysis (24)
 O - a wand of enslavement (5)
Scrolls
 d - a scroll of blinking
 k - 10 scrolls of identify
 n - 7 scrolls of remove curse
 q - 4 scrolls of magic mapping
 u - 6 scrolls of teleportation
 v - 3 scrolls of fear
 x - 4 scrolls of fog
Potions
 e - 12 potions of curing
 f - 3 potions of haste
 h - 2 potions of mutation
 i - 4 potions of berserk rage
 z - 2 potions of might
 C - 3 potions of magic
 I - 2 potions of cancellation
 M - 4 potions of agility
 P - 2 potions of resistance
 T - 2 potions of heal wounds
Comestibles
 c - 42 rations


   Skills:
 + Level 14.9 Fighting
 + Level 12.9 Axes
 + Level 14.8 Armour
 + Level 11.8 Dodging


You had 14 spell levels left.
You didn't know any spells.
Your spell library was empty.

Dungeon Overview and Level Annotations

Branches:
Dungeon (15/15)            Temple (1/1) D:7            Lair (6/6) D:8
 Shoals (0/4) Lair:2        Snake (0/4) Lair:2        Slime (0/5) Lair:6
    Orc (2/2) D:9             Elf (0/3) Orc:2        Vaults (0/5) D:13
 Depths (0/5) D:15

Altars:
Ashenzari
Cheibriados
Dithmenos
Gozag
Hepliaklqana
Kikubaaqudgha
Qazlal
Ru
Trog
Vehumet
Xom
Zin
The Shining One
Jiyva

Shops:
D:12 =?([!   Orc:2 ([*:

Annotations:
D:11 3 runed translucent doors, exilicon's ghost, journeyman DrTm
D:15 1 runed translucent door
Lair:2 3 runed translucent doors, Elitist's ghost, journeyman MfGl


Innate Abilities, Weirdness & Mutations

You are resistant to torment.
Your stone body is resilient. (AC +11)
You are immune to poison.
Your large and strong wings let you fly indefinitely.
You resist negative energy. (rN+)
You are resistant to electric shocks. (rElec)
You can survive without breathing.
You are immune to petrification.
You are immune to rotting.
You have very sharp teeth.
You have large cloven feet.
You are partially covered in icy blue scales. (AC +2)
Your muscles are strong. (Str +2)


Message History

The orc priest is drained!
The orc priest dies!
The bolt of negative energy hits you but does no damage.
You resist.
Your skin crawls.
You feel resistant to hostile enchantments.
You feel quite a bit more hungry.
The orc warrior no longer looks unusually strong.
You block the orc wizard's attack.
The orc priest hits you but does no damage.
You block the orc warrior's attack.
An orc comes into view. It is wielding a +0 dagger.
The orc wizard hits you but does no damage.
The orc warrior barely misses you.
The orc priest looks braver for a moment.
An orc comes into view.
It is wielding a +1 flail of holy wrath.
The orc priest casts a cantrip, but nothing happens.
The orc high priest mumbles some strange prayers to Beogh against you.
Beogh smites you!
You die...

#### #### ###
....##∩..# #..∩#
.....##∩..###..∩#
......##...#...#
.......###@..###..
#......oooooooo..o
#.....5ooo......o
#..###o5oo5....##
#.o.o3....#
#o)o......#
#...oooo..#


#oooooo...# #.o.3)....# You could see an orc warlord, 2 orc knights, 2 orc high
priests, a neqoxec, an orc sorcerer, 8 orc warriors, 3 orc priests, 4 orc
wizards, a white imp, 9 orcs and 2 ufetubi.

Vanquished Creatures
  Gastronok (D:8)
  Nessos (D:13)
  An ettin (D:13)
  A yaktaur captain (D:13)
  4 hydras
  2 ice dragons (D:15)
  Erica (D:9)
  4 two-headed ogres
  A death knight (D:15)
  A centaur warrior (D:14)
  3 tengu warriors
  A death yak (D:8)
  An orc high priest (Orc:2)
  A skeletal warrior (D:15)
  2 unseen horrors
  A wizard (D:14)
  An orc knight (Orc:2)
  13 ugly things
  A wolf spider zombie (D:15)
  3 orc sorcerers
  3 cyclopes
  A deep elf mage (D:14)
  6 black mambas
  6 elephants
  7 spiny frogs
  2 gargoyles
  A kobold demonologist (D:13)
  7 komodo dragons
  2 freezing wraiths
  2 rime drakes
  2 efreet
  3 tengu conjurers
  2 yaktaurs (D:13)
  A merfolk (Lair:2)
  8 polar bears
  6 hornets
  Prince Ribbit (Lair:1)
  2 trolls
  16 blink frogs
  7 slime creatures
  5 dream sheep (Lair:6)
  7 hippogriffs
  A wind drake (shapeshifter) (D:14)
  2 shadows
  15 spriggans
  29 yaks
  A yak (shapeshifter) (D:13)
  6 wyverns
  A fire elemental (D:13)
  5 hungry ghosts
  4 wraiths
  5 basilisks
  A basilisk (shapeshifter) (D:14)
  6 vampire mosquitoes
  3 chaos spawn (D:14)
  A soldier ant (D:13)
  A steam dragon (D:11)
  A warg (Orc:2)
  23 water moccasins
  4 porcupines
  5 black bears
  4 ice beasts
  23 orc warriors
  3 sky beasts
  Purgy (Sewer)
  A necrophage (D:11)
  6 phantoms
  8 boggarts
  32 wolves
  12 centaurs
  10 ogres
  10 crocodiles
  Blork the orc (D:4)
  2 big kobolds
  22 bullfrogs
  A wyvern zombie (Ossuary)
  2 scorpions
  11 killer bees
  14 wights
  2 electric eels (Lair:6)
  13 howler monkeys
  A lava snake (D:13)
  8 crimson imps
  6 centaur zombies
  A quasit (D:15)
  2 jellies (D:14)
  3 bullfrog zombies
  5 centaur skeletons
  21 orc priests
  3 bullfrog skeletons
  4 hounds
  17 orc wizards
  4 iguanas
  13 worker ants
  4 hound zombies
  3 hound skeletons
  19 mummies (Ossuary)
  A howler monkey zombie (D:5)
  3 worker ant zombies
  A river rat (D:6)
  20 adders
  2 shadow imps (D:15)
  4 oozes
  2 adder skeletons
  An adder zombie (Ossuary)
  A worm (D:2)
  2 dart slugs (D:1)
  4 leopard geckos
  79 orcs
  5 giant cockroaches
  8 goblins
  8 hobgoblins
  4 jackals (D:3)
  6 ball pythons
  7 bats
  9 frilled lizards
  A giant cockroach zombie (Ossuary)
  18 kobolds
  2 leopard gecko zombies
  9 rats
  A fungus (Lair:6)
  5 plants
750 creatures vanquished.

Vanquished Creatures (collateral kills)
  2 hydras
  2 death yaks (D:8)
  3 merfolk (Lair:2)
  4 yaks
  An orc warrior (D:8)
  2 bullfrogs (D:8)
  A centaur zombie (D:8)
  A crimson imp (D:8)
  2 orc wizards (D:8)
  An orc (D:8)
  A plant (Lair:2)
20 creatures vanquished.

Vanquished Creatures (others)
  A centaur (D:8)
  An orc priest (Orc:2)
  A fire vortex (Lair:5)
  2 fungi
  A plant (Lair:3)
  4 withered plants (Ossuary)
10 creatures vanquished.

Grand Total: 780 creatures vanquished

Notes
Turn   | Place    | Note
-------+----------+-------------------------------------------
     0 | D:1      | Fang the Gargoyle Berserker began the quest for the Orb.
     0 | D:1      | Reached XP level 1. HP: 14/14 MP: 1/1
   101 | D:1      | Reached XP level 2. HP: 16/19 MP: 2/2
   233 | D:1      | Reached XP level 3. HP: 17/23 MP: 3/3
   532 | D:1      | Reached ** piety under Trog
   661 | D:2      | Found a hazy altar of Hepliaklqana.
  1238 | D:2      | Found an ancient bone altar of Kikubaaqudgha.
  1238 | D:2      | Found a shattered altar of Ashenzari.
  1239 | D:2      | Found a bloodstained altar of Trog.
  1531 | D:3      | Reached XP level 4. HP: 18/29 MP: 4/4
  1940 | D:3      | Reached XP level 5. HP: 33/33 MP: 1/5
  2020 | D:3      | Reached *** piety under Trog
  2270 | D:3      | Found a snail-covered altar of Cheibriados.
  2507 | D:3      | Reached XP level 6. HP: 38/39 MP: 6/6
  2670 | D:4      | Found a stormy altar of Qazlal.
  2684 | D:4      | Noticed Blork the orc
  2695 | D:4      | Killed Blork the orc
  2712 | D:4      | Found a radiant altar of Vehumet.
  2871 | D:4      | Found a sand-covered staircase.
  2879 | D:4      | Found a sacrificial altar of Ru.
  2888 | Ossuary  | Entered an ossuary
  2904 | Ossuary  | Reached skill level 5 in Fighting
  2909 | Ossuary  | Reached XP level 7. HP: 44/44 MP: 5/7
  3219 | Ossuary  | Reached **** piety under Trog
  3504 | Ossuary  | Reached skill level 5 in Armour
  3653 | Ossuary  | Reached XP level 8. HP: 49/51 MP: 8/8
  3999 | D:5      | Entered Level 5 of the Dungeon
  4288 | D:5      | Reached skill level 5 in Axes
  4384 | D:5      | Found a glowing silver altar of Zin.
  4439 | D:5      | Received a gift from Trog
  5173 | D:6      | Found an opulent altar of Gozag.
  5194 | D:6      | Found a glowing drain.
  5235 | Sewer    | Entered a sewer
  5312 | Sewer    | Noticed Purgy
  5370 | Sewer    | Killed Purgy
  5875 | D:6      | Found a shadowy altar of Dithmenos.
  6033 | D:6      | Reached XP level 9. HP: 55/56 MP: 9/9
  6185 | D:7      | Reached skill level 5 in Dodging
  6355 | D:7      | Reached ***** piety under Trog
  6643 | D:7      | Found a shimmering altar of Xom.
  6981 | D:7      | Found a staircase to the Ecumenical Temple.
  7007 | Temple   | Entered the Ecumenical Temple
  7783 | D:8      | Noticed a death yak
  7785 | D:8      | Found a staircase to the Lair.
  7785 | D:8      | Noticed a death yak
  7785 | D:8      | Noticed a death yak
  7794 | D:8      | Killed a death yak
  7794 | D:8      | Reached XP level 10. HP: 56/64 MP: 10/10
  7796 | D:8      | Killed a death yak
  7796 | D:8      | Received a gift from Trog
  7802 | D:8      | Killed a death yak
  8258 | D:8      | Got a steaming broad axe
  8259 | D:8      | Identified the +6 broad axe of Dissatisfaction {freeze,
                  | rN+} (You found it on level 8 of the Dungeon)
  8387 | D:8      | Noticed Gastronok
  8401 | D:8      | Killed Gastronok
  8401 | D:8      | Reached XP level 11. HP: 52/71 MP: 11/11
  8836 | D:9      | Noticed Erica
  8842 | D:9      | Killed Erica
  8913 | D:9      | Reached skill level 10 in Fighting
  9168 | D:9      | Found a glowing golden altar of the Shining One.
  9174 | D:9      | Identified a scroll of acquirement
  9253 | D:9      | Received a gift from Trog
  9358 | D:9      | Got a pair of faintly glowing gloves
  9364 | D:9      | Identified the cursed +0 pair of gloves of Disaster {rN+
                  | Int+4 Dex+2} (You found it on level 9 of the Dungeon)
  9696 | D:9      | Found a staircase to the Orcish Mines.
  9751 | D:10     | Entered Level 10 of the Dungeon
  9794 | D:10     | Noticed a two-headed ogre
  9806 | D:10     | Killed a two-headed ogre
  9806 | D:10     | Reached skill level 10 in Armour
 11124 | D:11     | Noticed a cyclops
 11127 | D:11     | Noticed a white ugly thing
 11129 | D:11     | Reached XP level 12. HP: 65/79 MP: 12/12
 11332 | D:11     | Found a runed translucent gate.
 11332 | D:11     | Found a runed translucent gate.
 11333 | D:11     | Found a runed translucent gate.
 11333 | D:11     | Noticed exilicon's ghost (journeyman DrTm)
 11673 | Lair:1   | Entered Level 1 of the Lair of Beasts
 11673 | Lair:1   | Noticed Prince Ribbit
 11679 | Lair:1   | Killed Prince Ribbit
 12019 | Lair:2   | Found a runed translucent gate.
 12020 | Lair:2   | Found a runed translucent gate.
 12020 | Lair:2   | Found a runed translucent gate.
 12021 | Lair:2   | Noticed Elitist's ghost (journeyman MfGl)
 12023 | Lair:2   | Found a viscous altar of Jiyva.
 12060 | Lair:2   | Reached ****** piety under Trog
 12069 | Lair:2   | Found a staircase to the Snake Pit.
 12651 | Lair:2   | Noticed a six-headed hydra
 12666 | Lair:2   | Reached skill level 10 in Axes
 12671 | Lair:2   | Killed a 12-headed hydra
 12678 | Lair:2   | Found a staircase to the Shoals.
 13479 | Lair:3   | Received a gift from Trog
 13560 | Lair:3   | Reached XP level 13. HP: 67/86 MP: 13/13
 15261 | Lair:5   | Found a dark tunnel.
 15358 | Lair:6   | Entered Level 6 of the Lair of Beasts
 15408 | Lair:6   | Received a gift from Trog
 15437 | Lair:6   | Reached skill level 10 in Dodging
 15677 | Lair:6   | Found a viscous altar of Jiyva.
 15685 | Lair:6   | Found a staircase to the Slime Pits.
 15895 | Lair:6   | Gained mutation: Your large and strong wings let you fly
                  | indefinitely. [Gargoyle growth]
 15895 | Lair:6   | Reached XP level 14. HP: 92/94 MP: 14/14
 16045 | Lair:6   | Found the macabre finger necklace {rN+}
 16356 | Lair:6   | Received a gift from Trog
 17025 | D:12     | Found Zaot's Magic Scroll Shoppe.
 17212 | D:12     | Bought a scroll of brand weapon for 300 gold pieces
 17235 | D:12     | Found Lolifax's Jewellery Shop.
 17319 | D:12     | Found Xenais's Antique Weapon Boutique.
 17324 | D:12     | Bought a glowing war axe for 162 gold pieces
 17437 | D:12     | Found Zudugodgh's Distillery.
 17688 | D:12     | Found Xasu's Antique Armour Shop.
 17799 | D:12     | Got a dazzling broad axe
 17800 | D:12     | Identified the +0 broad axe "Hontauf" {venom, Str+4} (You
                  | found it on level 12 of the Dungeon)
 17920 | D:13     | Received a gift from Trog
 17965 | D:13     | Got an ancient plate armour
 17976 | D:13     | Identified the +8 plate armour of Zuulluwn {+Blink} (You
                  | found it on level 13 of the Dungeon)
 18021 | D:13     | Found a hazy altar of Hepliaklqana.
 18407 | D:13     | Noticed Nessos
 18414 | D:13     | Paralysed by Nessos for 5 turns
 18683 | D:13     | Killed Nessos
 19231 | D:13     | Found a gate to the Vaults.
 19358 | D:14     | Reached XP level 15. HP: 82/100 MP: 15/15
 19423 | D:14     | Found a shimmering altar of Xom.
 19428 | D:14     | Found the +7 mace of Variability {chain chaos}
 20003 | D:15     | Entered Level 15 of the Dungeon
 20004 | D:15     | Gained mutation: You are agile. (Dex +2) [potion of
                  | mutation]
 20004 | D:15     | Gained mutation: Armour fits poorly on your strangely
                  | shaped body. [potion of mutation]
 20004 | D:15     | Gained mutation: You possess an exceptional clarity of
                  | mind. [potion of mutation]
 20005 | D:15     | Lost mutation: You are agile. (Dex +2) [potion of mutation]
 20005 | D:15     | Lost mutation: Armour fits poorly on your strangely shaped
                  | body. [potion of mutation]
 20005 | D:15     | Lost mutation: You possess an exceptional clarity of mind.
                  | [potion of mutation]
 20005 | D:15     | Gained mutation: You are partially covered in icy blue
                  | scales. (AC +2) [potion of mutation]
 20005 | D:15     | Gained mutation: You have large cloven feet. [potion of
                  | mutation]
 20006 | D:15     | Gained mutation: You have very sharp teeth. [potion of
                  | mutation]
 20006 | D:15     | Gained mutation: Your muscles are strong. (Str +2) [potion
                  | of mutation]
 20130 | D:15     | Received a gift from Trog
 20311 | D:15     | Found the +10 morningstar "Eos" {elec, Halo rElec}
 20435 | D:15     | Found a staircase to the Depths.
 20620 | D:15     | Found a glowing golden altar of the Shining One.
 20620 | D:15     | Noticed a daeva
 20621 | D:15     | Found a runed translucent door.
 20833 | D:12     | Bought a potion of heal wounds for 60 gold pieces
 20833 | D:12     | Bought a potion of heal wounds for 60 gold pieces
 21019 | D:15     | Found a sacrificial altar of Ru.
 21710 | Orc:1    | Entered Level 1 of the Orcish Mines
 21978 | Orc:2    | Entered Level 2 of the Orcish Mines
 22004 | Orc:2    | Received a gift from Trog
 22484 | Orc:2    | Found a staircase to the Elven Halls.
 22529 | Orc:2    | Noticed an orc warlord
 22537 | Orc:2    | Found Tijiet's General Store.
 22538 | Orc:2    | Found Caquiclo's Book Shoppe.
 22539 | Orc:2    | Found Erghon's Antique Armour Shoppe.
 22539 | Orc:2    | Found Saohi's Antique Weapon Emporium.
 22540 | Orc:2    | HP: 4/101 [orc high priest/divine providence (12)]
 22541 | Orc:2    | Killed from afar by an orc high priest

Skill      XL: |  1  2  3  4  5  6  7  8  9 10 11 12 13 14 |
---------------+-------------------------------------------+-----
Axes           | 3 4 5 7 8 9 10 11 12 | 12.9
Dodging        | 2 3 4 6 7 8 9 10 11 | 11.8
Armour         | 3 4 5 6 7 9 10 11 12 14 | 14.8
Fighting       | 4 5 6 8 9 10 12 13 14 | 14.9

Action                   |  1- 3 |  4- 6 |  7- 9 | 10-12 | 13-15 || total
-------------------------+-------+-------+-------+-------+-------++-------
Melee: Hand axe          |   127 |   138 |   741 |    75 |       ||  1081
       Broad axe         |       |       |       |   449 |  1103 ||  1552
       Kick              |       |       |       |       |   100 ||   100
       Bite              |       |       |       |       |    35 ||    35
       War axe           |       |       |       |       |     6 ||     6
Invok: Berserk           |       |     3 |     5 |     6 |     6 ||    20
       Brothers in Arms  |       |       |     1 |     1 |     1 ||     3
       Trog's Hand       |       |       |     1 |       |     3 ||     4
 Abil: Fly               |       |       |       |       |     1 ||     1
  Use: Scroll            |       |     2 |       |    28 |    11 ||    41
       Potion            |       |       |       |     4 |     4 ||     8
  Eat: Chunk             |     2 |     7 |    18 |    26 |    35 ||    88
       Ration            |       |       |     1 |     1 |     2 ||     4
Armor: Animal skin       |    40 |    21 |       |       |       ||    61
       Chain mail        |       |    46 |   395 |   106 |       ||   547
       Plate armour      |       |       |       |   334 |   819 ||  1153
Dodge: Dodged            |    88 |    94 |   330 |   315 |   717 ||  1544
Block: Other             |       |       |   127 |   186 |   375 ||   688
       Reflection        |       |       |     2 |    11 |    11 ||    24
